 Dungeon Crawl Stone Soup version 0.16.1-4-g8e1b745 (webtiles) character file.

165 Psiweapon the Chopper (level 5, -4/40 (45) HPs)
             Began as a Hill Orc Fighter on Mar 27, 2015.
             Killed by divine providence
             ... invoked by an orc priest
              (8 damage)
             ... on level 4 of the Dungeon.
             The game lasted 00:07:49 (2766 turns).

Psiweapon the Chopper (Hill Orc Fighter)            Turns: 2766, Time: 00:07:50

HP:   -4/40 (45)    AC:  6    Str: 19    XL:     5   Next: 46%
MP:   5/5           EV:  7    Int:  8    God:
Gold: 97            SH: 10    Dex: 13    Spells: 0 memorised, 4 levels left

rFire  . . .     SeeInvis .     a - +0 war axe
rCold  . . .     Clarity  .     b - +0 scale mail
rNeg   . . .     SustAb   .     c - +0 shield
rPois  .         Gourm    .     (no helmet)
rElec  .         Spirit   .     (no cloak)
rCorr  .         Warding  .     (no gloves)
rMut   .         Stasis   .     (no boots)
MR     .....                    (no amulet)
Stlth  ..........               (no ring)
                                (no ring)

@: non-regenerating, diseased, not resistant to hostile enchantments, extremely
unstealthy
A: claws 1, agile 1, deterioration 1
a: Convert to Beogh


You were on level 4 of the Dungeon.
You were not hungry.

You visited 1 branch of the dungeon, and saw 4 of its levels.

You collected 97 gold pieces.

Inventory:

Hand weapons
 a - a +0 war axe (weapon)
 j - a +0 hunting sling
Missiles
 k - 25 bolts
 n - 12 stones (quivered)
 q - 14 sling bullets
Armour
 b - a +0 scale mail (worn)
 c - a +0 shield (worn)
Scrolls
 g - a scroll of fog {unknown}
 m - 4 scrolls of identify {unknown}
 o - 2 scrolls of amnesia
 p - a scroll of recharging {unknown}
 r - a scroll of enchant weapon {unknown}
Potions
 e - a potion of might
 h - 2 potions of curing
 i - a potion of brilliance
Books
 t - a book of Clouds

   Spells                             Type                      Level
   a - Mephitic Cloud                 Conjuration/Poison/Air       3
   b - Conjure Flame                  Conjuration/Fire             3
   c - Poisonous Cloud                Conjuration/Poison/Air       6
   d - Freezing Cloud                 Conjuration/Ice/Air          6
   e - Ring of Flames                 Charms/Fire                  7
Comestibles
 d - 4 meat rations
 f - a chunk of flesh
 l - 6 bread rations


   Skills:
 - Level 3.6 Fighting
 * Level 6.0 Axes
 - Level 3.2 Armour
 + Level 4.6 Shields


You had 4 spell levels left.
You didn't know any spells.

Dungeon Overview and Level Annotations

Branches:
Dungeon (4/15)
 Temple: D:4-7

Altars:


Innate Abilities, Weirdness & Mutations

You have sharp fingernails.
You are agile. (Dex +2)
Your body is slowly deteriorating.


Message History

Something smites you!
* * * LOW HITPOINT WARNING * * *
The orc wizard hits you but does no damage.
The worm bites you!
* * * LOW HITPOINT WARNING * * *
The orc wizard hits you but does no damage.
You closely miss the orc wizard.
The orc wizard is severely wounded.
You hit the worm.
The worm is heavily wounded.
The orc priest shouts, "Surrender to Beogh and we'll let you live!"
The orc wizard hits you but does no damage.
The worm completely misses you.
Drink which item? (? for menu, Esc to quit)
It was a potion of decay.
You feel your flesh rotting away!
You feel ill. You block the orc wizard's attack.
The orc priest invokes the aid of Beogh against you.
Something smites you!
You die...

#...<..#......#
########.##.#.#####
..##.#.#...# .
..##.....#
....####.#...#
.....####.##.##
..........##.####
.....#..w.......# .
#.##@#..##.# #.
#o#..# #


#oo .# #.#.## #.... ... ). #.# ##. ..# #.# You could see a worm, an orc priest,
an orc wizard and an orc.

Vanquished Creatures
  A hound (D:4)
  A worker ant (D:3)
  5 adders
  A giant gecko (D:2)
  An ooze (D:1)
  3 orcs
  7 bats
  A giant cockroach (D:1)
  11 hobgoblins
  6 kobolds
  A quokka (D:2)
  2 ball pythons (D:1)
  7 giant newts
  10 goblins
  6 rats
63 creatures vanquished.

Notes
Turn   | Place    | Note
--------------------------------------------------------------
     0 | D:1      | Psiweapon, the Hill Orc Fighter, began the quest for the Orb.
     0 | D:1      | Reached XP level 1. HP: 19/19 MP: 1/1
    90 | D:1      | Reached XP level 2. HP: 20/26 MP: 2/2
   633 | D:1      | Reached XP level 3. HP: 31/31 MP: 3/3
   942 | D:1      | Reached skill level 4 in Shields
  1512 | D:2      | Reached XP level 4. HP: 28/39 MP: 4/4
  1670 | D:2      | Gained mutation: You are agile. (Dex +2) [potion of mutation]
  1670 | D:2      | Gained mutation: Your body is slowly deteriorating. [potion of mutation]
  1670 | D:2      | Gained mutation: You have sharp fingernails. [potion of mutation]
  1787 | D:3      | Reached skill level 5 in Axes
  2035 | D:3      | Reached XP level 5. HP: 30/45 MP: 5/5
  2616 | D:4      | Reached skill level 6 in Axes
  2766 | D:4      | Killed from afar by an orc priest

Action                   |  1- 3 |  4- 6 || total
-------------------------+-------+-------++-------
Melee: War axe           |   144 |    70 ||   214
Throw: Stone             |     9 |       ||     9
  Use: Potion            |       |     6 ||     6
       Scroll            |       |     3 ||     3
  Eat: Chunk             |     2 |     4 ||     6
